UAA
PHOENIX HOTSPUR YOUTH @ TACOMA FUR TRADERS
07/16/2017
 
TOP OF THE 1ST
Phoenix Hotspur Youth batting - Pitching for Tacoma Fur Traders : RHP Javier López
Pitching: RHP Javier López
Batting: RHB Alejandro Ibarra 0-0: Called Strike
0-1: Foul Ball, location: 2F
0-2: Ball
1-2: Foul Ball, location: 2F
1-2: Strikes out swinging
Batting: LHB Alberto Torres 0-0: Called Strike
0-1: Ball
1-1: Swinging Strike
1-2: SINGLE (Groundball, 34D)
Batting: LHB Mike Pace 0-0: Ball
1-0: Swinging Strike
1-1: Ball
2-1: DOUBLE (Line Drive, 5D)
Alberto Torres to third
Batting: RHB Phil Terry 0-0: Foul Ball, location: 2F
0-1: Swinging Strike
0-2: Strikes out swinging
Batting: LHB José Villarreal 0-0: Ball
1-0: Ball
Wild Pitch!
Alberto Torres scores
Mike Pace to third
2-0: Ball
Wild Pitch!
Mike Pace scores
3-0: Called Strike
3-1: Fly out, F7 (Line Drive, 78S)
Top of the 1st over - 2 run(s), 2 hit(s), 0 error(s), 0 left on base; Phoenix Hotspur 2 - Tacoma 0
BOTTOM OF THE 1ST
Tacoma Fur Traders batting - Pitching for Phoenix Hotspur Youth : LHP Elroy Gardner
Pitching: LHP Elroy Gardner
Batting: RHB Brett Robinson 0-0: Swinging Strike
0-1: Called Strike
0-2: Ball
1-2: Strikes out looking
Batting: RHB Gonzalo Manuel 0-0: Ball
1-0: Ball
2-0: Ball
3-0: Base on Balls
Batting: RHB Leonardo Sánchez 0-0: Ball
1-0: Grounds into double play, 4-6-3 (Groundball, 4)
Bottom of the 1st over - 0 run(s), 0 hit(s), 0 error(s), 0 left on base; Phoenix Hotspur 2 - Tacoma 0
TOP OF THE 2ND
Phoenix Hotspur Youth batting - Pitching for Tacoma Fur Traders : RHP Javier López
Batting: RHB Nick Reed 0-0: Called Strike
0-1: Ball
1-1: Ball
2-1: Foul Ball, location: 2F
2-2: Ground out 6-3 (Groundball, 6)
Batting: RHB Bob McNeil 0-0: Called Strike
0-1: Foul Ball, location: 2F
0-2: Ball
1-2: SINGLE (Groundball, 56)
Batting: LHB Torquato Villani 0-0: Called Strike
0-1: Called Strike
0-2: Strikes out swinging
Batting: SHB Jesús González 0-0: SINGLE (Groundball, 34S)
Bob McNeil to second
Runner from 2nd tries for 3rd, OUT!
Top of the 2nd over - 0 run(s), 2 hit(s), 0 error(s), 1 left on base; Phoenix Hotspur 2 - Tacoma 0
BOTTOM OF THE 2ND
Tacoma Fur Traders batting - Pitching for Phoenix Hotspur Youth : LHP Elroy Gardner
Batting: RHB Ángel Garza 0-0: Called Strike
0-1: Called Strike
0-2: Foul Ball, location: 2F
0-2: Ball
1-2: Strikes out swinging
Batting: RHB Tommaso Reyna 0-0: Ball
1-0: Ball
2-0: Ball
3-0: Foul Ball, location: 2F
3-1: Fly out, F8 (Flyball, 89M)
Batting: RHB Mo Zhou 0-0: Foul Ball, location: 2F
0-1: Fly out, F5 (Popup, 56S)
Bottom of the 2nd over - 0 run(s), 0 hit(s), 0 error(s), 0 left on base; Phoenix Hotspur 2 - Tacoma 0
TOP OF THE 3RD
Phoenix Hotspur Youth batting - Pitching for Tacoma Fur Traders : RHP Javier López
Now in RF: Tommaso Reyna
Batting: RHB Alejandro Ibarra 0-0: Ball
1-0: Swinging Strike
1-1: Foul Ball, location: 2F
1-2: Strikes out swinging
Batting: LHB Alberto Torres 0-0: Fly out, F7 (Flyball, 8LM)
Batting: LHB Mike Pace 0-0: Ground out U3 (Groundball, 3L)
Top of the 3rd over - 0 run(s), 0 hit(s), 0 error(s), 0 left on base; Phoenix Hotspur 2 - Tacoma 0
BOTTOM OF THE 3RD
Tacoma Fur Traders batting - Pitching for Phoenix Hotspur Youth : LHP Elroy Gardner
Batting: RHB Mark Allen 0-0: Swinging Strike
0-1: Ball
1-1: Ball
2-1: Foul Ball, location: 2F
2-2: Foul Ball, location: 2F
2-2: Ball
3-2: Base on Balls
Batting: RHB Mike Daniels 0-0: Ball
1-0: Ball
2-0: Ball
3-0: Called Strike
3-1: Base on Balls
Mark Allen to second
Batting: RHB Johnny Bryant 0-0: Ball
1-0: Foul Ball, location: 2F
1-1: Called Strike
1-2: Ball
2-2: Fly out, F7 (Flyball, 78M)
Batting: RHB Brett Robinson 0-0: Foul Ball, location: 2F
0-1: Ball
1-1: Swinging Strike
1-2: Ball
2-2: Foul Ball, location: 2F
2-2: Foul Ball, location: 2F
2-2: Strikes out looking
Batting: RHB Gonzalo Manuel 0-0: Ball
1-0: Ball
2-0: Called Strike
2-1: DOUBLE (Line Drive, 7LM)
Mark Allen scores
Mike Daniels to third
Runner from 3rd tries for Home, SAFE, no throw or cutoff
Batting: RHB Leonardo Sánchez 0-0: Foul Ball, location: 2F
0-1: Ball
1-1: Ball
2-1: Foul Ball, location: 2F
2-2: Hit by Pitch
Batting: RHB Ángel Garza 0-0: Foul Ball, location: 2F
0-1: Ball
1-1: 3-RUN HOME RUN (Flyball, 7D), Distance : 415 ft
Batting: RHB Tommaso Reyna 0-0: Called Strike
0-1: Ball
1-1: Ball
2-1: Ground out 1-3 (Groundball, 15)
Bottom of the 3rd over - 5 run(s), 2 hit(s), 0 error(s), 0 left on base; Phoenix Hotspur 2 - Tacoma 5
TOP OF THE 4TH
Phoenix Hotspur Youth batting - Pitching for Tacoma Fur Traders : RHP Javier López
Batting: RHB Phil Terry 0-0: Called Strike
0-1: Ball
1-1: Called Strike
1-2: SOLO HOME RUN (Flyball, 7D), Distance : 420 ft
Batting: LHB José Villarreal 0-0: Called Strike
0-1: Foul Ball, location: 2F
0-2: Fly out, F8 (Flyball, 8RM)
Batting: RHB Nick Reed 0-0: Ball
1-0: Foul Ball, location: 2F
1-1: Reached on error, E6 (Groundball, 6)
Batting: RHB Bob McNeil 0-0: Ball
Nick Reed is caught stealing 2nd base
1-0: Ball
2-0: Ball
3-0: Called Strike
3-1: Foul Ball, location: 2F
3-2: Ground out 5-3 (Groundball, 5L)
Top of the 4th over - 1 run(s), 1 hit(s), 1 error(s), 0 left on base; Phoenix Hotspur 3 - Tacoma 5
BOTTOM OF THE 4TH
Tacoma Fur Traders batting - Pitching for Phoenix Hotspur Youth : LHP Elroy Gardner
Batting: RHB Mo Zhou 0-0: Ball
1-0: Swinging Strike
1-1: Ground out 6-3 (Groundball, 6)
Batting: RHB Mark Allen 0-0: Called Strike
0-1: Swinging Strike
0-2: Ball
1-2: Ball
2-2: Ball
3-2: Foul Ball, location: 2F
3-2: Foul Ball, location: 2F
3-2: Strikes out looking
Batting: RHB Mike Daniels 0-0: Foul Ball, location: 2F
0-1: Swinging Strike
0-2: Strikes out swinging
Bottom of the 4th over - 0 run(s), 0 hit(s), 0 error(s), 0 left on base; Phoenix Hotspur 3 - Tacoma 5
TOP OF THE 5TH
Phoenix Hotspur Youth batting - Pitching for Tacoma Fur Traders : RHP Javier López
Batting: LHB Torquato Villani 0-0: Called Strike
0-1: Foul Ball, location: 2F
0-2: Ball
1-2: Ball
2-2: Hit by Pitch
Batting: SHB Jesús González 0-0: Ball
1-0: Ball
2-0: Foul Ball, location: 2F
2-1: Swinging Strike
2-2: Foul Ball, location: 2F
2-2: Ball
3-2: Foul Ball, location: 2F
3-2: Fielders Choice at 2nd, 1-6 (Groundball, 13)
Batting: RHB Alejandro Ibarra 0-0: Foul Ball, location: 2F
0-1: Foul Ball, location: 2F
0-2: Ball
1-2: Strikes out looking
Batting: LHB Alberto Torres 0-0: Foul Ball, location: 2F
0-1: Ball
1-1: Swinging Strike
1-2: Foul Ball, location: 2F
1-2: Foul Ball, location: 2F
1-2: Ball
2-2: Foul Ball, location: 2F
2-2: Ball
Wild Pitch!
Jesús González to second
3-2: Fly out, F8 (Flyball, 8RM)
Top of the 5th over - 0 run(s), 0 hit(s), 0 error(s), 1 left on base; Phoenix Hotspur 3 - Tacoma 5
BOTTOM OF THE 5TH
Tacoma Fur Traders batting - Pitching for Phoenix Hotspur Youth : LHP Elroy Gardner
Batting: RHB Johnny Bryant 0-0: Ball
1-0: Swinging Strike
1-1: Ground out 6-3 (Groundball, 6)
Batting: RHB Brett Robinson 0-0: Called Strike
0-1: Foul Ball, location: 2F
0-2: Foul Ball, location: 2F
0-2: Ball
1-2: Ball
2-2: Foul Ball, location: 2F
2-2: DOUBLE (Line Drive, 7M)
Pitching: LHP Corey Woods
Batting: RHB Gonzalo Manuel 0-0: Ground out 5-3 (Groundball, 56)
Batting: RHB Leonardo Sánchez 0-0: Ball
1-0: Fly out, F7 (Flyball, 7M)
Bottom of the 5th over - 0 run(s), 1 hit(s), 0 error(s), 1 left on base; Phoenix Hotspur 3 - Tacoma 5
TOP OF THE 6TH
Phoenix Hotspur Youth batting - Pitching for Tacoma Fur Traders : RHP Javier López
Batting: LHB Mike Pace 0-0: Called Strike
0-1: Foul Ball, location: 2F
0-2: Ball
1-2: Strikes out swinging
Batting: RHB Phil Terry 0-0: Ball
1-0: Foul Ball, location: 2F
1-1: SOLO HOME RUN (Flyball, 78XD), Distance : 442 ft
Batting: LHB José Villarreal 0-0: Foul Ball, location: 2F
0-1: Called Strike
0-2: SINGLE (Groundball, 56)
Batting: RHB Nick Reed 0-0: Called Strike
0-1: Called Strike
0-2: Ball
1-2: Ball
2-2: SINGLE (Groundball, 34D)
José Villarreal to second
Runner from 2nd tries for 3rd, SAFE, throw made to third
Batting: RHB Bob McNeil 0-0: Swinging Strike
0-1: Fly out, F8 (Flyball, 78M)
Runner from 3rd tags up, SCORES, no throw
Batting: LHB Torquato Villani 0-0: Foul Ball, location: 2F
0-1: Called Strike
0-2: Foul Ball, location: 2F
0-2: Ball
1-2: Ball
2-2: Ball
3-2: Foul Ball, location: 2F
3-2: Base on Balls
Nick Reed to second
Pitching: RHP Miguel Angel Lińares
Batting: SHB Jesús González 0-0: Ball
1-0: Ball
2-0: Swinging Strike
2-1: Foul Ball, location: 2F
2-2: Strikes out swinging
Top of the 6th over - 2 run(s), 3 hit(s), 0 error(s), 2 left on base; Phoenix Hotspur 5 - Tacoma 5
BOTTOM OF THE 6TH
Tacoma Fur Traders batting - Pitching for Phoenix Hotspur Youth : LHP Corey Woods
Batting: RHB Ángel Garza 0-0: Ball
1-0: Called Strike
1-1: Swinging Strike
1-2: Foul Ball, location: 2F
1-2: SOLO HOME RUN (Flyball, 7D), Distance : 426 ft
Batting: RHB Tommaso Reyna 0-0: Swinging Strike
0-1: Foul Ball, location: 2F
0-2: Strikes out swinging
Batting: RHB Mo Zhou 0-0: Foul Ball, location: 2F
0-1: Ball
1-1: Ball
2-1: Ground out 6-3 (Groundball, 6)
Batting: RHB Mark Allen 0-0: Called Strike
0-1: Ball
1-1: Foul Ball, location: 2F
1-2: Fly out, F8 (Flyball, 8RM)
Bottom of the 6th over - 1 run(s), 1 hit(s), 0 error(s), 0 left on base; Phoenix Hotspur 5 - Tacoma 6
TOP OF THE 7TH
Phoenix Hotspur Youth batting - Pitching for Tacoma Fur Traders : RHP Miguel Angel Lińares
Batting: RHB Alejandro Ibarra 0-0: Ball
1-0: Called Strike
1-1: Swinging Strike
1-2: Strikes out swinging
Batting: LHB Alberto Torres 0-0: Ball
1-0: Called Strike
1-1: Ball
2-1: DOUBLE (Flyball, 78M)
Batting: LHB Mike Pace 0-0: Foul Ball, location: 2F
0-1: Fly out, F8 (Flyball, 8RXD)
Runner from 2nd tags up, SAFE at 3rd, no throw
Batting: RHB Phil Terry 0-0: Ball
1-0: Ball
2-0: Foul Ball, location: 2F
2-1: Ball
3-1: Base on Balls
Pinch Hitting: LHB Dave Wynn 0-0: Called Strike
0-1: Ball
1-1: DOUBLE (Line Drive, 9LM)
Alberto Torres scores
Phil Terry to third
Runner from 3rd tries for Home, SAFE, no throw or cutoff
Pinch Hitting: RHB Paul Campbell 0-0: Called Strike
0-1: Ball
1-1: Foul Ball, location: 2F
1-2: Foul Ball, location: 2F
1-2: Ball
2-2: Ground out 4-3 (Groundball, 4)
Top of the 7th over - 2 run(s), 2 hit(s), 0 error(s), 1 left on base; Phoenix Hotspur 7 - Tacoma 6
BOTTOM OF THE 7TH
Tacoma Fur Traders batting - Pitching for Phoenix Hotspur Youth : LHP Corey Woods
Now at 2B: Paul Campbell
Now in LF: Dave Wynn
Batting: RHB Mike Daniels 0-0: Foul Ball, location: 2F
0-1: Foul Ball, location: 2F
0-2: Foul Ball, location: 2F
0-2: Strikes out swinging
Pitching: LHP Jeff Burrell
Batting: RHB Johnny Bryant 0-0: Foul Ball, location: 2F
0-1: SINGLE (Groundball, 6MD)
Batting: RHB Brett Robinson 0-0: Swinging Strike
0-1: Foul Ball, location: 2F
0-2: Foul Ball, location: 2F
0-2: Ball
1-2: Foul Ball, location: 2F
1-2: Strikes out swinging
Batting: RHB Gonzalo Manuel 0-0: Ball
1-0: Foul Ball, location: 2F
1-1: 2-RUN HOME RUN (Flyball, 9LD), Distance : 355 ft
Pitching: RHP Ken Hughes
Batting: RHB Leonardo Sánchez 0-0: Ball
1-0: Ball
2-0: Ball
3-0: Called Strike
3-1: Base on Balls
Batting: RHB Ángel Garza 0-0: Foul Ball, location: 2F
0-1: 2-RUN HOME RUN (Flyball, 7LD), Distance : 364 ft
Pitching: RHP Eric Taylor
Batting: RHB Tommaso Reyna 0-0: Reaches on Catchers interference
Batting: RHB Mo Zhou 0-0: Called Strike
0-1: Ball
1-1: Ball
2-1: Foul Ball, location: 2F
2-2: Ball
3-2: Ground out 1-3 (Groundball, 13S)
Bottom of the 7th over - 4 run(s), 3 hit(s), 1 error(s), 1 left on base; Phoenix Hotspur 7 - Tacoma 10
TOP OF THE 8TH
Phoenix Hotspur Youth batting - Pitching for Tacoma Fur Traders : RHP Miguel Angel Lińares
Now at C: Rex Long
Batting: RHB Bob McNeil 0-0: Ball
1-0: Swinging Strike
1-1: Foul Ball, location: 2F
1-2: Strikes out looking
Batting: LHB Torquato Villani 0-0: Called Strike
0-1: Ball
1-1: Foul Ball, location: 2F
1-2: Foul Ball, location: 2F
1-2: Strikes out swinging
Pitching: RHP Gabriel Hidalgo
Batting: SHB Jesús González 0-0: Swinging Strike
0-1: Called Strike
0-2: Ball
1-2: DOUBLE (Line Drive, 78M)
Pitching: RHP Bruce Hamilton
Batting: RHB Alejandro Ibarra 0-0: Ball
1-0: Ball
2-0: Foul Ball, location: 2F
2-1: Ball
3-1: Called Strike
3-2: Strikes out swinging
Top of the 8th over - 0 run(s), 1 hit(s), 0 error(s), 1 left on base; Phoenix Hotspur 7 - Tacoma 10
BOTTOM OF THE 8TH
Tacoma Fur Traders batting - Pitching for Phoenix Hotspur Youth : RHP Eric Taylor
Batting: RHB Mark Allen 0-0: Swinging Strike
0-1: Ball
1-1: Foul Ball, location: 2F
1-2: Foul Ball, location: 2F
1-2: Ball
2-2: Foul Ball, location: 2F
2-2: Ball
3-2: Base on Balls
Batting: RHB Mike Daniels 0-0: Sac Bunt - play at first, batter OUT! 4-3
Mark Allen to second
Batting: RHB Johnny Bryant 0-0: Foul Ball, location: 2F
0-1: Foul Ball, location: 2F
0-2: Strikes out looking
Batting: RHB Brett Robinson 0-0: Foul Ball, location: 2F
0-1: Ball
1-1: Ground out 6-3 (Groundball, 6)
Bottom of the 8th over - 0 run(s), 0 hit(s), 0 error(s), 1 left on base; Phoenix Hotspur 7 - Tacoma 10
TOP OF THE 9TH
Phoenix Hotspur Youth batting - Pitching for Tacoma Fur Traders : RHP Bruce Hamilton
Pitching: LHP Greg Jordan
Batting: LHB Alberto Torres 0-0: Ball
1-0: Called Strike
1-1: Ground out 3-1 (Groundball, 34)
Batting: LHB Mike Pace 0-0: Called Strike
0-1: Ball
1-1: Called Strike
1-2: SINGLE (Line Drive, 8LS)
Batting: RHB Phil Terry 0-0: Called Strike
0-1: Foul Ball, location: 2F
0-2: Ball
1-2: Foul Ball, location: 2F
1-2: Foul Ball, location: 2F
1-2: Foul Ball, location: 2F
1-2: Ball
Passed Ball!
Mike Pace to second
2-2: Ball
3-2: Foul Ball, location: 2F
3-2: Base on Balls
Pinch Hitting: RHB Jim Unknown 0-0: Ball
Wild Pitch!
Mike Pace to third
Phil Terry to second
1-0: Ground out 1-3 (Groundball, 15S)
Batting: RHB Paul Campbell 0-0: Ball
1-0: Foul Ball, location: 2F
1-1: Ball
2-1: Ball
3-1: Swinging Strike
3-2: Base on Balls
Batting: RHB Bob McNeil 0-0: Ball
1-0: Ball
2-0: Foul Ball, location: 2F
2-1: Foul Ball, location: 2F
2-2: Foul Ball, location: 2F
2-2: SINGLE (Line Drive, 4D)
Mike Pace scores
Phil Terry to third
Paul Campbell to second
Runner from 3rd tries for Home, SAFE, no throw or cutoff
Pinch Hitting: RHB Matías Torrella 0-0: Ball
1-0: Fly out, F9 (Flyball, 9LM)
Top of the 9th over - 2 run(s), 2 hit(s), 0 error(s), 2 left on base; Phoenix Hotspur 9 - Tacoma 10
This league is powered by Out of the Park Baseball, the baseball management simulation game for PC, Mac and Linux
Saturday, February 27th, 2021 - OOTP Baseball 15.6 Build 34